 Dungeon Crawl Stone Soup version 0.30-a0-586-g23e55c9e0a (webtiles) character file.

Game seed: 2531868777894487434

408 Dartaoz the Shooter (level 6, -3/53 HPs)
             Began as a Minotaur Hunter on Jan 3, 2023.
             Slain by Pikel
             ... wielding a +1 whip of flaming
              (6 damage)
             ... on level 3 of the Dungeon.
             The game lasted 00:15:16 (3296 turns).

Dartaoz the Shooter (Minotaur Hunter)               Turns: 3296, Time: 00:15:17

Health: -3/53      AC:  7    Str: 16    XL:     6   Next: 57%
Magic:  5/5        EV: 12    Int:  6    God:
Gold:   84         SH:  0    Dex: 15    Spells: 5/5 levels left

rFire   . . .      SeeInvis .    a - +0 shortbow
rCold   . . .      Faith    .    (shield currently unavailable)
rNeg    . . .      Spirit   .    h - +0 ring mail
rPois   .          Reflect  .    (helmet restricted)
rElec   .          Harm     .    p - +1 cloak
rCorr   .          Rampage  .    (no gloves)
Will    .....                    (no boots)
Stlth   ++                       i - amulet of the acrobat
HPRegen 0.28/turn                (no ring)
MPRegen 0.09/turn                (no ring)

@: no status effects
A: horns 2, retaliatory headbutt
a: no special abilities


You were on level 3 of the Dungeon.
You visited 1 branch of the dungeon, and saw 4 of its levels.

You collected 181 gold pieces.
You spent 97 gold pieces at shops.

Inventory:

Hand Weapons
 a - a +0 shortbow (weapon)
Armour
 c - a +0 leather armour
 h - a +0 ring mail (worn)
 p - a +1 cloak (worn)
Jewellery
 i - an amulet of the acrobat (around neck)
 j - an amulet of faith
Scrolls
 b - a scroll of immolation
 d - a scroll of noise {unknown}
 e - 2 scrolls of teleportation
 f - a scroll of magic mapping {unknown}
 g - a scroll of identify
 k - 2 scrolls of enchant armour
 o - a scroll of fog {unknown}
 r - a scroll of enchant weapon
Potions
 l - 2 potions of brilliance
 n - a potion of magic {unknown}
 q - a potion of degeneration {unknown}
 s - 2 potions of might {unknown}


   Skills:
 + Level 4.3 Fighting
 + Level 5.5 Ranged Weapons
 + Level 3.3 Armour
 + Level 3.9 Dodging
 + Level 2.7 Stealth


You had 5 spell levels left.
You didn't know any spells.
Your spell library contained the following spells:

 Spells                   Type           Power      Damage    Failure   Level
 Sublimation of Blood     Necr           0%         N/A       80%         2
 Wereblood                Tmut           0%         N/A       80%         2
 Ozocubu's Armour         Ice            0%         N/A       95%         3
 Ozocubu's Refrigeration  Ice            0%         4d7       100%        7
 Summon Hydra             Summ           0%         N/A       100%        7


Dungeon Overview and Level Annotations

Branches:
Dungeon (4/15)
 Temple: D:4-7

Altars:

Shops:
D:3 *

Annotations:
D:3 Pikel
D:4 Dowan, Duvessa


Innate Abilities, Weirdness & Mutations

You have a pair of horns on your head.
You reflexively headbutt those who attack you in melee.


Message History

The goblin hits you but does no damage.
You shoot an arrow. The arrow hits the gnoll.
The gnoll is moderately wounded.
The gnoll misses you. You furiously retaliate!
You headbutt the gnoll! The goblin hits you but does no damage.
Pikel closely misses you. Pikel misses you.
The goblin hits you but does no damage. The gnoll hits you with a +0 spear.
You shoot an arrow. The arrow hits the gnoll.
You kill the gnoll!
Pikel barely misses you. You furiously retaliate!
You headbutt Pikel. The goblin hits you but does no damage.
There is a stone staircase leading up, spattered with blood here.
You see here a +0 spear.
Pikel hits you with a +1 whip of flaming!
* * * LOW HITPOINT WARNING * * *
Pikel burns you.
* * * LOW HITPOINT WARNING * * *
You climb upwards.
There is a stone staircase leading down here.
You feel much better.
Pikel hits you with a +1 whip of flaming.
Pikel burns you.
You shoot an arrow. The arrow misses Pikel.
Pikel hits you with a +1 whip of flaming.
Pikel burns you.
You shoot an arrow.
The arrow hits Pikel but does no damage.
Pikel is lightly wounded.
Pikel hits you with a +1 whip of flaming!
* * * LOW HITPOINT WARNING * * *
Pikel burns you.
* * * LOW HITPOINT WARNING * * *
You shoot an arrow.
The arrow hits Pikel but does no damage.
Pikel is lightly wounded.
Pikel completely misses you.
Pikel hits you with a +1 whip of flaming!
* * * LOW HITPOINT WARNING * * *
Pikel burns you.
You die...

#.##.#.##........# #.#
#.......#........### #.#
...#.#...÷.........#
#.##########
...#.##.[....#.....#
#...........
...#.##.#..........#
#.##########
...#.##.###........###.#
...#.##.# ###......#...#
.#.#.##.#####...)..#.#.#
.+.#............@K...#.#
.###.##.######.....###.#
........# #.....# #.#
####.#################.#
#...................#
#.####..........#####
#.# #.†.#......# #.#
#..#.......#
#.####.#######..#


You could see Pikel.

Vanquished Creatures
  Sigmund (D:2)
  A scorpion (D:4)
  A hound (D:4)
  3 adders
  3 gnolls
  2 worms (D:2)
  4 dart slugs
  6 orcs (D:3)
  4 ball pythons (D:2)
  8 bats
  7 endoplasms
  3 giant cockroaches
  8 goblins
  7 hobgoblins
  4 quokkas
  4 frilled lizards
  7 kobolds
  5 rats
78 creatures vanquished.

Notes
Turn   | Place    | Note
-------+----------+-------------------------------------------
     0 | D:1      | Dartaoz the Minotaur Hunter began the quest for the Orb.
     0 | D:1      | Reached XP level 1. HP: 18/18 MP: 0/0
   195 | D:1      | Reached XP level 2. HP: 25/25 MP: 1/1
   258 | D:1      | Reached skill level 1 in Stealth
   385 | D:1      | Reached skill level 1 in Armour
   809 | D:1      | Found a faded altar of an unknown god.
   999 | D:2      | Reached XP level 3. HP: 30/30 MP: 2/2
  1621 | D:2      | Noticed Sigmund
  1819 | D:2      | Killed Sigmund
  1820 | D:2      | Reached skill level 5 in Ranged Weapons
  1820 | D:2      | Reached XP level 4. HP: 31/40 MP: 3/3
  1820 | D:2      | Reached XP level 5. HP: 36/46 MP: 4/4
  2514 | D:3      | Found Neolog's General Store.
  2524 | D:3      | Bought a scroll of enchant weapon for 97 gold pieces
  2898 | D:3      | Reached XP level 6. HP: 52/52 MP: 5/5
  3015 | D:4      | Noticed Dowan
  3016 | D:4      | Noticed Duvessa
  3248 | D:4      | Noticed Pikel
  3255 | D:4      | HP: 1/53 [lemure[Pikel] (8)]
  3296 | D:3      | Slain by Pikel

Illustrated notes

Levels and vault maps discovered:
D:1:      giann_wishing_wells, layout_loops_corners,
          shapermc_ecumenical_altar_petra
D:2:      layout_loops_corners, uniq_sigmund
D:3:      minmay_chambers_of_twos, layout_basic, serial_shops,
          nicolae_shop_advertising_works [nicolae_subvault_shop_adworks],
          chequers_decorated_corner
D:4:      layout_cave_pools, yredelemnul_altar_generic, kennysheep_mini_moat,
          grunt_gozag_statues, overflow_temple_1_default,
          nicolae_overflow_crystal_walls, minivault_26,
          kennysheep_generic_room_9, uniq_duvessa, uniq_pikel

Skill      XL: |  1  2  3  4  5  6 |
---------------+-------------------+-----
Stealth        | 1 2 |  2.7
Armour         | 1 2 3 |  3.3
Fighting       | 3 4 |  4.3
Ranged Weapons | 5 |  5.5
Dodging        | 3 |  3.9

Action                   |  1- 3 |  4- 6 || total
-------------------------+-------+-------++-------
 Fire: Shortbow          |   120 |    92 ||   212
  Use: Scroll            |       |     4 ||     4
       Potion            |       |     2 ||     2
Armor: Leather armour    |     2 |       ||     2
       Ring mail         |    16 |    29 ||    45
Dodge: Dodged            |    27 |   126 ||   153

Table legend: (Time is in decaauts)
 A = Elapsed time spent in this place.
 B = Non-inter-level travel time spent in this place.
 C = Inter-level travel time spent in this place.
 D = Time resting spent in this place.
 E = Time spent auto-exploring this place.
 F = Levels seen in this place.
 G = Mean time per level.
                   A        B        C        D        E       F      G
               +--------+--------+--------+--------+--------+-----+--------+
         Total |   3369 |   3240 |    129 |    366 |   2227 |   4 |  842.2 |
       Dungeon |   3369 |   3240 |    129 |    366 |   2227 |   4 |  842.2 |
               +--------+--------+--------+--------+--------+-----+--------+

Top non-repeatable levels by time:
     D:1: 1124 daAuts
     D:3: 1041 daAuts
     D:2: 1004 daAuts
     D:4: 199 daAuts
